 Dungeon Crawl Stone Soup version 0.32-a0-747-gc8563f6773 (webtiles) character file.

Game seed: 9791375608628216068

6070 snetch the Basher (level 10, -1/88 HPs)
             Began as a Minotaur Berserker on Mar 5, 2024.
             Was an Elder of Trog.
             Constricted to death by Erica (3 damage)
             ... on level 8 of the Dungeon on Mar 18, 2024.
             The game lasted 00:23:40 (6437 turns).

snetch the Basher (Minotaur Berserker)              Turns: 6437, Time: 00:23:41

Health: -1/88      AC: 21    Str: 26    XL:     10   Next: 57%
Magic:  9/9        EV:  1    Int:  7    God:    Trog [****..]
Gold:   371        SH:  0    Dex: 12    Spells: 9/9 levels left

rFire   + . .        a - +6 hammer "Ryompy" {flame, +Blink}
rCold   . . .        (no shield)
rNeg    + . .        Y - +6 scale mail "Oniunn" {Int+3}
rPois   .            (helmet restricted)
rElec   .            z - +0 cloak
rCorr   .            i - +0 pair of gloves
SInv    .            (no boots)
Will    ++...        (no amulet) Stlth
                     S - ring of Xicah {rF+ rN+ Dex+2 Slay+2}
HPRegen 1.34/turn    M - +4 ring of protection
MPRegen 0.11/turn

%: no passive effects
@: lethally poisoned (-1 -> -11), strong-willed, regenerating, constricted,
studying Translocations
A: horns 2, retaliatory headbutt
a: Renounce Religion, Evoke Blink, Berserk, Trog's Hand, Brothers in Arms


You were on level 8 of the Dungeon.
You worshipped Trog.
Trog was greatly pleased with you.
You visited 2 branches of the dungeon, and saw 9 of its levels.
You also visited: Sewer.

You collected 371 gold pieces.

Inventory:

Hand Weapons
 a - the +6 hammer "Ryompy" (weapon) {flame, +Blink}
   (You found it on level 3 of the Dungeon)

   +Blink:    It lets you blink.
 b - a +0 hand axe of flaming
Missiles
 d - 11 poisoned darts (quivered)
 k - 69 stones
 F - 5 boomerangs
 J - 3 atropa-tipped darts
 K - 2 throwing nets
 L - 6 javelins
 R - a curare-tipped dart
Armour
 i - a +0 pair of gloves (worn)
 z - a +0 cloak (worn)
 Y - the +6 scale mail "Oniunn" (worn) {Int+3}
   (You found it on level 7 of the Dungeon)

   Int+3:     It affects your intelligence (+3).
Jewellery
 o - a ring of ice
 M - a +4 ring of protection (right hand)
 S - the ring of Xicah (left hand) {rF+ rN+ Dex+2 Slay+2}
   (You took it off an orc on level 7 of the Dungeon)

   [ring of positive energy]

   Dex+2:     It affects your dexterity (+2).
   Slay+2:    It affects your accuracy & damage with ranged weapons and melee
   (+2).
   rF+:       It protects you from fire.
   rN+:       It protects you from negative energy.
 U - a ring of poison resistance
Wands
 m - a wand of flame (57)
 n - a wand of charming (30)
 v - a wand of polymorph (4)
Scrolls
 e - 5 scrolls of silence {unknown}
 h - 2 scrolls of immolation {unknown}
 l - 4 scrolls of noise {unknown}
 p - a scroll of fear
 q - a scroll of summoning
 r - a scroll of enchant weapon
 s - a scroll of fog {unknown}
 x - a scroll of poison {unknown}
 A - 2 scrolls of teleportation {unknown}
 C - a scroll of enchant armour {unknown}
Potions
 f - 3 potions of haste {unknown}
 j - 3 potions of brilliance {unknown}
 t - 5 potions of magic {unknown}
 u - a potion of invisibility
 w - 2 potions of curing {unknown}
 B - 2 potions of mutation {unknown}
 G - a potion of heal wounds
 H - a potion of lignification
 N - a potion of ambrosia {unknown}
Miscellaneous
 W - a phial of floods


   Skills:
 + Level 7.9 Fighting
 + Level 8.7(11.1) Axes
 + Level 10.8(12.1) Maces & Flails
 + Level 1.9 Throwing
 + Level 9.6 Armour
 + Level 6.0 Dodging
 + Level 1.6 Stealth


You had 9 spell levels left.
You didn't know any spells.
Your spell library contained the following spells:

 Spells                   Type           Power      Damage    Failure   Level
 Blink                    Tloc           0%         N/A       80%         2
 Lesser Beckoning         Tloc           0%         N/A       80%         2
 Momentum Strike          Conj/Tloc      0%         3d8       80%         2
 Dazzling Flash           Conj/Hex       0%         N/A       95%         3
 Mephitic Cloud           Conj/Alch/Air  0%         N/A       95%         3
 Animate Armour           Summ/Erth      0%         N/A       100%        4
 Summon Lightning Spire   Summ/Air       0%         N/A       100%        4
 Alistair's Intoxication  Alch           0%         N/A       100%        5
 Borgnjor's Vile Clutch   Necr/Erth      0%         N/A       100%        5
 Curse of Agony           Necr           0%         N/A       100%        5
 Lee's Rapid Deconstruct  Erth           0%         3d4*      100%        5
 Silence                  Hex/Air        0%         N/A       100%        5
 Eringya's Noxious Bog    Alch           0%         4d6       100%        6


Dungeon Overview and Level Annotations

Branches:
Dungeon (8/15)             Temple (1/1) D:6           Sewer (visited)
   Lair: D:8-11

Altars:
Ashenzari
Cheibriados
Dithmenos
Elyvilon
Fedhas
Gozag
Hepliaklqana
Kikubaaqudgha
Nemelex Xobeh
Okawaru
Qazlal
Ru
Trog
Uskayaw
Vehumet
Wu Jian
Xom
Yredelemnul
Zin
The Shining One

Shops:
D:4 (

Annotations:
D:8 Erica


Innate Abilities, Weirdness & Mutations

You have a pair of horns on your head.
You reflexively headbutt those who attack you in melee.


Message History

The orc priest moves out of view.
An orc warrior comes into view. It is wielding a +0 mace.
You feel very sick. Erica hits you but does no damage. Erica misses you.
You bludgeon Erica!! You burn Erica.
Erica is heavily wounded.
You feel very sick. Erica barely misses you.
You closely miss Erica. Your headbutt misses Erica.
Erica is heavily wounded.
You feel very sick.
Erica hits you with a +2 scimitar of flaming!
Erica burns you. Erica closely misses you.
You hit Erica. You burn Erica. You headbutt Erica.
Erica is heavily wounded.
You feel sick. Erica casts a spell at you. The bolt of poison hits you.
You are more poisoned.
Unknown command.
You closely miss Erica.
Erica is heavily wounded.
You feel extremely sick.
Unknown command.
You sock Erica! You burn Erica.
Erica is almost dead.
* * * LOW HITPOINT WARNING * * *
You feel very sick. Erica hits you but does no damage. Erica misses you.
Unknown command.
Your skin crawls.
You feel strong-willed.
You feel very sick.
Erica hits you with a +2 scimitar of flaming!
* * * LOW HITPOINT WARNING * * *
Erica burns you.
* * * LOW HITPOINT WARNING * * *
Erica grabs you. Erica constricts you.
You die...
Erica begins burbling mirthfully and uncontrollably.

....)#.....#
.#.....## .#.###.<#
........# #########
>..####.# #.......#
.# #.# #.......# .
.... #.......#
.......###.......#
........o$@......#
.........oxo......#
..............#
..............#
.........######
##...$....
#........
#####.....


You could see Erica, an orc warrior, an orc priest and an orc.

Vanquished Creatures
  A manticore (D:7)
  2 gargoyles (D:7)
  2 hornets (D:7)
  A wyvern (D:8)
  A steam dragon (D:7)
  3 water moccasins (D:7)
  Pargi (Sewer)
  An ice beast (D:3)
  A sky beast (D:7)
  An orc warrior (D:6)
  A black bear (D:4)
  2 centaurs
  An ogre (D:7)
  2 phantoms (D:6)
  2 brain worms (Sewer)
  3 bullfrogs
  A gnoll sergeant (D:7)
  2 kobold brigands (D:7)
  6 scorpions
  4 wights (D:6)
  A howler monkey (D:7)
  9 hounds
  2 bombardier beetles
  Crazy Yiuf (D:3)
  4 sleepcaps
  Ijyb (D:3)
  Terence (D:3)
  4 iguanas
  2 orc wizards (D:6)
  Robin (D:3)
  6 gnolls
  9 adders
  2 shadow imps (D:8)
  4 ufetubi
  3 dart slugs
  24 orcs
  9 endoplasms
  7 giant cockroaches
  15 goblins
  12 hobgoblins
  7 kobolds
  7 quokkas
  15 ball pythons
  10 bats
  3 frilled lizards
  5 rats
202 creatures vanquished.

Vanquished Creatures (collateral kills)
  A boulder beetle (D:7)
  A gargoyle (D:7)
  A slime creature (D:7)
  A bullfrog (D:7)
  A hound (D:7)
  A white imp (D:7)
6 creatures vanquished.

Vanquished Creatures (others)
  A vampire (D:7)
  A quokka (D:5)
2 creatures vanquished.

Grand Total: 210 creatures vanquished

Notes
Turn   | Place    | Note
-------+----------+-------------------------------------------
     0 | D:1      | snetch the Minotaur Berserker began the quest for the Orb.
     0 | D:1      | Reached XP level 1. HP: 19/19 MP: 0/0
    72 | D:1      | Reached XP level 2. HP: 22/27 MP: 1/1
   130 | D:3      | Noticed an ice beast
   134 | D:3      | Noticed Ijyb
   254 | D:1      | Found a faded altar of an unknown god.
   288 | D:1      | Reached XP level 3. HP: 30/33 MP: 2/2
   872 | D:2      | Found a bloodstained altar of Trog.
   976 | D:2      | Reached ** piety under Trog
  1029 | D:3      | Noticed Robin
  1033 | D:3      | Reached XP level 4. HP: 32/41 MP: 3/3
  1040 | D:3      | Reached skill level 5 in Axes
  1044 | D:3      | Killed Robin
  1060 | D:3      | Killed Ijyb
  1149 | D:3      | Reached XP level 5. HP: 47/47 MP: 4/4
  1172 | D:3      | Killed an ice beast
  1173 | D:3      | Reached skill level 5 in Fighting
  1173 | D:3      | Reached XP level 6. HP: 50/56 MP: 5/5
  1668 | D:4      | Found Ephil's Weapon Emporium.
  1729 | D:4      | Found a glowing drain.
  1740 | D:4      | Reached *** piety under Trog
  1752 | Sewer    | Entered a sewer
  1853 | Sewer    | Noticed Pargi
  1859 | Sewer    | Reached XP level 7. HP: 61/61 MP: 6/6
  1864 | Sewer    | Killed Pargi
  2049 | D:3      | Noticed Terence
  2059 | D:3      | Killed Terence
  2539 | D:3      | Found a runed translucent door.
  2540 | D:3      | Noticed Crazy Yiuf
  2550 | D:3      | Killed Crazy Yiuf
  2557 | D:3      | Identified the +6 hammer "Ryompy" {flame, +Blink}
  2672 | D:5      | Entered Level 5 of the Dungeon
  2792 | D:4      | Found an iron altar of Okawaru.
  3078 | D:5      | Reached skill level 5 in Armour
  3152 | D:4      | Reached skill level 1 in Maces & Flails
  3491 | D:4      | Reached skill level 2 in Maces & Flails
  3491 | D:4      | Reached XP level 8. HP: 64/70 MP: 7/7
  3874 | D:5      | Reached skill level 3 in Maces & Flails
  3905 | D:6      | Reached skill level 4 in Maces & Flails
  4315 | D:6      | Found a staircase to the Ecumenical Temple.
  4374 | D:6      | Reached **** piety under Trog
  4397 | D:6      | Reached skill level 5 in Maces & Flails
  4397 | D:6      | Reached skill level 1 in Stealth
  4593 | D:7      | Reached XP level 9. HP: 78/78 MP: 8/8
  4871 | Temple   | Entered the Ecumenical Temple
  4914 | D:7      | Reached skill level 6 in Maces & Flails
  5447 | D:7      | Reached skill level 7 in Maces & Flails
  5455 | D:7      | Reached skill level 5 in Dodging
  5467 | D:7      | Paralysed by a hornet for 1 turns
  5472 | D:7      | Reached skill level 1 in Throwing
  5632 | D:7      | Identified the ring of Xicah {rF+ rN+ Dex+2 Slay+2}
  5646 | D:7      | Found a sacrificial altar of Ru.
  5647 | D:7      | Found an opulent altar of Gozag.
  5647 | D:7      | Found a glowing golden altar of the Shining One.
  5647 | D:7      | Found a basalt altar of Yredelemnul.
  5656 | D:7      | Reached skill level 8 in Maces & Flails
  5694 | D:7      | Noticed a manticore
  5696 | D:7      | Noticed a boulder beetle
  5697 | D:7      | Noticed a gargoyle
  5700 | D:7      | Noticed a gargoyle
  5702 | D:7      | Killed a gargoyle
  5710 | D:7      | Killed a manticore
  5711 | D:7      | Reached XP level 10. HP: 86/86 MP: 9/9
  5713 | D:7      | Noticed a gargoyle
  5715 | D:7      | Reached skill level 9 in Maces & Flails
  5724 | D:7      | Killed a boulder beetle
  5729 | D:7      | Killed a gargoyle
  5730 | D:7      | Reached skill level 10 in Maces & Flails
  5737 | D:7      | Killed a gargoyle
  5758 | D:7      | Identified the +6 scale mail "Oniunn" {Int+3}
  6245 | D:7      | Upgraded the game from 0.32-a0-616-g9348d4545b to
                  | 0.32-a0-747-gc8563f6773
  6428 | D:8      | Noticed Erica
  6437 | D:8      | HP: 3/88 [Erica/+2 scimitar of flaming (15)]
  6437 | D:8      | Constricted to death by Erica

Illustrated notes

Levels and vault maps discovered:
D:1:      dpeg_arrival_oval, layout_loops_cross, ebering_ecumenical_altar_hall,
          st_stairs_7
D:2:      layout_loops_ring, basic_altar, grunt_ministairs_8
D:3:      layout_rooms, fountainhead, roderic_roman_lattice,
          uniq_crazy_yiuf_cottage, uniq_robin, uniq_ijyb, uniq_terence
D:4:      layout_loops_corners, okawaru_trees_1, portal_sewer_entry_f,
          chequers_serial_rivers_small_a, nicolae_stop_n_shop_2
D:5:      layout_basic, minmay_misc_feat_roman
D:6:      layout_rooms, minmay_temple_entry_mist, minmay_misc_feat_nine_boxes
D:7:      minmay_the_grid_octo_2x2 [minmay_the_grid_octo_shrine,
          minmay_the_grid_octo_checkered, minmay_the_grid_octo_fat_diamond,
          minmay_the_grid_octo_prize_star], layout_basic
D:8:      layout_basic, makhleb_blood_cavern_becter, uniq_erica
Temple:   eino_narrow_crystal_temple

Skill      XL: |  1  2  3  4  5  6  7  8  9 10 |
---------------+-------------------------------+-----
Axes           | 4 5 6 7 8 |  8.7
Fighting       | 4 5 6 7 |  7.9
Armour         | 3 4 5 7 8 9 |  9.6
Dodging        | 3 4 5 6 |  6.0
Maces & Flails | 2 5 8 10 | 10.8
Stealth        | 1 |  1.6
Throwing       | 1 |  1.9

Action                     |  1- 3 |  4- 6 |  7- 9 | 10-12 || total
---------------------------+-------+-------+-------+-------++-------
  Melee: Hand axe          |    95 |   100 |    43 |       ||   238
         Headbutt          |    14 |    18 |    46 |     8 ||    86
         Mace              |       |       |   201 |    41 ||   242
  Throw: Dart              |       |       |     3 |       ||     3
 Invoke: Berserk           |       |     3 |     4 |       ||     7
         Trog's Hand       |       |     1 |     3 |     2 ||     6
         Brothers in Arms  |       |       |     1 |     1 ||     2
    Use: Scroll            |       |       |       |     6 ||     6
   Stab: Sleeping          |     1 |       |       |       ||     1
 Armour: Animal skin       |    19 |       |       |       ||    19
         Chain mail        |    70 |   103 |    16 |       ||   189
         Scale mail        |       |       |   118 |    28 ||   146
  Dodge: Dodged            |    58 |    53 |   209 |    38 ||   358

Table legend: (Time is in decaauts)
 A = Elapsed time spent in this place.
 B = Non-inter-level travel time spent in this place.
 C = Inter-level travel time spent in this place.
 D = Time resting spent in this place.
 E = Time spent auto-exploring this place.
 F = Levels seen in this place.
 G = Mean time per level.
                   A        B        C        D        E       F      G
               +--------+--------+--------+--------+--------+-----+--------+
         Total |   6563 |   5987 |    576 |     62 |   3803 |  10 |  656.3 |
       Dungeon |   6278 |   5702 |    576 |     62 |   3666 |   8 |  784.8 |
        Temple |      1 |      1 |      0 |      0 |      0 |   1 |    1.0 |
         Sewer |    283 |    283 |      0 |      0 |    137 |   1 |  283.0 |
               +--------+--------+--------+--------+--------+-----+--------+

Top non-repeatable levels by time:
     D:7: 1478 daAuts
     D:4: 1059 daAuts
     D:3: 862 daAuts
     D:2: 750 daAuts
     D:5: 731 daAuts
     D:1: 726 daAuts
     D:6: 579 daAuts
   Sewer: 283 daAuts
     D:8: 91 daAuts
  Temple: 1 daAuts
